TOP OF THE 1ST |
Santa Monica Bruins batting - Pitching for Vancouver Vipers : LHP Marcos Ortíz
|
Pitching: LHP Marcos Ortíz
|
|
Batting: LHB Michael Myers
|
0-0: Foul Ball, location: 2F 0-1: Ground out 4-3 (Groundball, 34D)
|
Batting: LHB Arthur MacDonald
|
0-0: Ball 1-0: Ball 2-0: Fly out, F8 (Flyball, 8LM)
|
Batting: RHB Luis Martínez
|
0-0: Swinging Strike 0-1: Foul Ball, location: 2F 0-2: Ball 1-2: Ball 2-2: Foul Ball, location: 2F 2-2: Reached on error, E4 (Groundball, 4)
|
Batting: RHB Salvador Salas
|
0-0: Ball 1-0: Fly out, F7 (Flyball, 7S)
|
Top of the 1st over - 0 runs, 0 hits, 1 error, 1 left on base; Santa Monica 0 - Vancouver 0 |
BOTTOM OF THE 1ST |
Vancouver Vipers batting - Pitching for Santa Monica Bruins : RHP Luis De Los Ángeles
|
Pitching: RHP Luis De Los Ángeles
|
|
Batting: RHB Horace Johnson
|
0-0: Foul Ball, location: 2F 0-1: Ball 1-1: Foul Ball, location: 2F 1-2: Ball 2-2: Fly out, F6 (Popup, 6MS)
|
Batting: RHB Marvin Workman
|
0-0: Fly out, F9 (Flyball, 89M)
|
Batting: LHB Nick Gamble
|
0-0: Called Strike 0-1: Ball 1-1: Ground out 5-3 (Groundball, 56S)
|
Bottom of the 1st over - 0 runs, 0 hits, 0 errors, 0 left on base; Santa Monica 0 - Vancouver 0 |
TOP OF THE 2ND |
Santa Monica Bruins batting - Pitching for Vancouver Vipers : LHP Marcos Ortíz
|
Batting: LHB Jorge Souza
|
0-0: Ball 1-0: Fly out, F7 (Flyball, 78S)
|
Batting: RHB Dave King
|
0-0: Ball 1-0: Foul Ball, location: 2F 1-1: SOLO HOME RUN (Flyball, 78XD), Distance : 425 ft
|
Batting: RHB Ernest Russell
|
0-0: SINGLE (Groundball, 4MD)
|
Batting: LHB Gonzalo Benítez
|
0-0: Called Strike 0-1: SINGLE (Groundball, 4M) (infield hit) Ernest Russell to second
|
Batting: RHB Gustavo Torres
|
0-0: Called Strike 0-1: Fielders Choice at 2nd, 6-4 (Groundball, 6) Ernest Russell to third
|
Batting: LHB Michael Myers
|
0-0: Called Strike 0-1: Foul Ball, location: 2F 0-2: Fielders Choice at 2nd, 6-4 (Groundball, 56)
|
Top of the 2nd over - 1 run, 3 hits, 0 errors, 2 left on base; Santa Monica 1 - Vancouver 0 |
BOTTOM OF THE 2ND |
Vancouver Vipers batting - Pitching for Santa Monica Bruins : RHP Luis De Los Ángeles
|
Batting: LHB Jerry Johnston
|
0-0: Called Strike 0-1: Swinging Strike 0-2: Strikes out swinging
|
Batting: RHB Lorenzo González
|
0-0: Ball 1-0: Ball 2-0: Ground out 4-3 (Groundball, 4)
|
Batting: RHB Jesús Lara
|
0-0: Foul Ball, location: 2F 0-1: SINGLE (Groundball, 3D)
|
Batting: RHB Steve Bender
|
0-0: Ball Jesús Lara is caught stealing 2nd base
|
Bottom of the 2nd over - 0 runs, 1 hit, 0 errors, 0 left on base; Santa Monica 1 - Vancouver 0 |
TOP OF THE 3RD |
Santa Monica Bruins batting - Pitching for Vancouver Vipers : LHP Marcos Ortíz
|
Batting: LHB Arthur MacDonald
|
0-0: Ball 1-0: Ball 2-0: Ball 3-0: Base on Balls
|
Batting: RHB Luis Martínez
|
0-0: Foul Ball, location: 2F 0-1: Ball 1-1: Ball 2-1: Grounds into double play, 6-4-3 (Groundball, 6)
|
Batting: RHB Salvador Salas
|
0-0: Ball 1-0: Ball 2-0: Foul Ball, location: 2F 2-1: Foul Ball, location: 2F 2-2: Fly out, F8 (Flyball, 8LS)
|
Top of the 3rd over - 0 runs, 0 hits, 0 errors, 0 left on base; Santa Monica 1 - Vancouver 0 |
BOTTOM OF THE 3RD |
Vancouver Vipers batting - Pitching for Santa Monica Bruins : RHP Luis De Los Ángeles
|
Batting: RHB Steve Bender
|
0-0: Fly out, F8 (Flyball, 8RM)
|
Batting: RHB Ben Alexander
|
0-0: Swinging Strike 0-1: DOUBLE (Flyball, 8RXD)
|
Batting: RHB Cooper Richard
|
0-0: Ground out 4-3 (Groundball, 4M) Ben Alexander to third
|
Batting: RHB Horace Johnson
|
0-0: Ground out 6-3 (Groundball, 6)
|
Bottom of the 3rd over - 0 runs, 1 hit, 0 errors, 1 left on base; Santa Monica 1 - Vancouver 0 |
TOP OF THE 4TH |
Santa Monica Bruins batting - Pitching for Vancouver Vipers : LHP Marcos Ortíz
|
Batting: LHB Jorge Souza
|
0-0: Fly out, F8 (Line Drive, 78M)
|
Batting: RHB Dave King
|
0-0: Ball 1-0: Foul Ball, location: 2F 1-1: Ball 2-1: Ball 3-1: Foul Ball, location: 2F 3-2: Foul Ball, location: 2F 3-2: Foul Ball, location: 2F 3-2: Foul Ball, location: 2F 3-2: Base on Balls
|
Batting: RHB Ernest Russell
|
0-0: Fielders Choice at 2nd, 5-4 (Groundball, 56)
|
Batting: LHB Gonzalo Benítez
|
0-0: Swinging Strike 0-1: SINGLE (Line Drive, 8RS) Ernest Russell to second
|
Batting: RHB Gustavo Torres
|
0-0: Ball 1-0: Ball 2-0: Foul Ball, location: 2F 2-1: Ball 3-1: Base on Balls Ernest Russell to third Gonzalo Benítez to second
|
Batting: LHB Michael Myers
|
0-0: Swinging Strike 0-1: Swinging Strike 0-2: Ball 1-2: Strikes out swinging
|
Top of the 4th over - 0 runs, 1 hit, 0 errors, 3 left on base; Santa Monica 1 - Vancouver 0 |
BOTTOM OF THE 4TH |
Vancouver Vipers batting - Pitching for Santa Monica Bruins : RHP Luis De Los Ángeles
|
Batting: RHB Marvin Workman
|
0-0: Foul Ball, location: 2F 0-1: Fly out, F8 (Flyball, 89D)
|
Batting: LHB Nick Gamble
|
0-0: Called Strike 0-1: Fly out, F8 (Flyball, 8LD)
|
Batting: LHB Jerry Johnston
|
0-0: Ball 1-0: Foul Ball, location: 2F 1-1: Swinging Strike 1-2: Strikes out looking
|
Bottom of the 4th over - 0 runs, 0 hits, 0 errors, 0 left on base; Santa Monica 1 - Vancouver 0 |
TOP OF THE 5TH |
Santa Monica Bruins batting - Pitching for Vancouver Vipers : LHP Marcos Ortíz
|
Batting: LHB Arthur MacDonald
|
0-0: Called Strike 0-1: Ball 1-1: Ball 2-1: SINGLE (Groundball, 56D)
|
Batting: RHB Luis Martínez
|
0-0: Called Strike 0-1: Foul Ball, location: 2F 0-2: Foul Ball, location: 2F 0-2: Strikes out swinging
|
Batting: RHB Salvador Salas
|
0-0: Foul Ball, location: 2F 0-1: DOUBLE (Flyball, 8RXD) Arthur MacDonald to third Runner from 3rd tries for Home, SAFE, no throw
|
Batting: LHB Jorge Souza
|
0-0: Ball 1-0: Ground out 4-3 (Groundball, 4) Salvador Salas to third
|
Batting: RHB Dave King
|
0-0: Ball 1-0: Foul Ball, location: 2F 1-1: Foul Ball, location: 2F 1-2: Foul Ball, location: 2F 1-2: Strikes out swinging
|
Top of the 5th over - 1 run, 2 hits, 0 errors, 1 left on base; Santa Monica 2 - Vancouver 0 |
BOTTOM OF THE 5TH |
Vancouver Vipers batting - Pitching for Santa Monica Bruins : RHP Luis De Los Ángeles
|
Batting: RHB Lorenzo González
|
0-0: Ball 1-0: Called Strike 1-1: Fly out, F8 (Flyball, 8LM)
|
Batting: RHB Jesús Lara
|
0-0: Ground out 5-3 (Groundball, 56)
|
Batting: RHB Steve Bender
|
0-0: Ball 1-0: SINGLE (Line Drive, 6MD)
|
Batting: RHB Ben Alexander
|
0-0: Called Strike 0-1: Ball 1-1: Foul Ball, location: 2F 1-2: Ball 2-2: Fly out, F9 (Line Drive, 9D)
|
Bottom of the 5th over - 0 runs, 1 hit, 0 errors, 1 left on base; Santa Monica 2 - Vancouver 0 |
TOP OF THE 6TH |
Santa Monica Bruins batting - Pitching for Vancouver Vipers : LHP Marcos Ortíz
|
Batting: RHB Ernest Russell
|
0-0: Ball 1-0: Swinging Strike 1-1: Ground out U3 (Groundball, 34S)
|
Batting: LHB Gonzalo Benítez
|
0-0: Ball 1-0: Called Strike 1-1: Ball 2-1: Ball 3-1: Base on Balls
|
Batting: RHB Gustavo Torres
|
0-0: Called Strike 0-1: SINGLE (Line Drive, 9LS) Gonzalo Benítez to second
|
Batting: LHB Michael Myers
|
0-0: Ball Gonzalo Benítez steals 3rd base Gustavo Torres to second 1-0: Ball 2-0: Ball 3-0: Called Strike 3-1: Swinging Strike 3-2: Foul Ball, location: 2F 3-2: Foul Ball, location: 2F 3-2: Strikes out looking
|
Batting: LHB Arthur MacDonald
|
0-0: Ball 1-0: Ball 2-0: Ball 3-0: Base on Balls
|
Batting: RHB Luis Martínez
|
0-0: Ball 1-0: Ball 2-0: Ball 3-0: Called Strike 3-1: Called Strike 3-2: Base on Balls Gonzalo Benítez scores Gustavo Torres to third Arthur MacDonald to second
|
Pitching: RHP Pedro Santiago
|
|
Batting: RHB Salvador Salas
|
0-0: Ball 1-0: Foul Ball, location: 2F 1-1: Fly out, F8 (Line Drive, 8RM)
|
Top of the 6th over - 1 run, 1 hit, 0 errors, 3 left on base; Santa Monica 3 - Vancouver 0 |
BOTTOM OF THE 6TH |
Vancouver Vipers batting - Pitching for Santa Monica Bruins : RHP Luis De Los Ángeles
|
Batting: RHB Cooper Richard
|
0-0: Ball 1-0: Foul Ball, location: 2F 1-1: Ball 2-1: Called Strike 2-2: Ball 3-2: Strikes out swinging
|
Batting: RHB Horace Johnson
|
0-0: Called Strike 0-1: Bunted foul 0-2: Ball 1-2: Ground out 5-3 (Groundball, 56S)
|
Batting: RHB Marvin Workman
|
0-0: Ball 1-0: Fly out, F9 (Flyball, 9LMF)
|
Bottom of the 6th over - 0 runs, 0 hits, 0 errors, 0 left on base; Santa Monica 3 - Vancouver 0 |
TOP OF THE 7TH |
Santa Monica Bruins batting - Pitching for Vancouver Vipers : RHP Pedro Santiago
|
Batting: LHB Jorge Souza
|
0-0: Swinging Strike 0-1: Ball 1-1: Ball 2-1: Foul Ball, location: 2F 2-2: Foul Ball, location: 2F 2-2: Fly out, F9 (Flyball, 9D)
|
Batting: RHB Dave King
|
0-0: Ball 1-0: Swinging Strike 1-1: Called Strike 1-2: Strikes out swinging, 2-3 out at first.
|
Batting: RHB Ernest Russell
|
0-0: Ball 1-0: Ball 2-0: Called Strike 2-1: Fly out, F8 (Line Drive, 8RS)
|
Top of the 7th over - 0 runs, 0 hits, 0 errors, 0 left on base; Santa Monica 3 - Vancouver 0 |
BOTTOM OF THE 7TH |
Vancouver Vipers batting - Pitching for Santa Monica Bruins : RHP Luis De Los Ángeles
|
Batting: LHB Nick Gamble
|
0-0: Called Strike 0-1: Called Strike 0-2: SINGLE (Groundball, 6MD)
|
Batting: LHB Jerry Johnston
|
0-0: Called Strike 0-1: Foul Ball, location: 2F 0-2: Strikes out swinging
|
Batting: RHB Lorenzo González
|
0-0: Swinging Strike 0-1: Ball 1-1: Called Strike 1-2: Fly out, F8 (Flyball, 8RD)
|
Batting: RHB Jesús Lara
|
0-0: Called Strike 0-1: Called Strike 0-2: Ball 1-2: Strikes out looking
|
Bottom of the 7th over - 0 runs, 1 hit, 0 errors, 1 left on base; Santa Monica 3 - Vancouver 0 |
TOP OF THE 8TH |
Santa Monica Bruins batting - Pitching for Vancouver Vipers : RHP Pedro Santiago
|
Batting: LHB Gonzalo Benítez
|
0-0: SINGLE (Groundball, 34D)
|
Batting: RHB Gustavo Torres
|
0-0: Fly out, F7 (Flyball, 78S)
|
Batting: LHB Michael Myers
|
0-0: Ball 1-0: Swinging Strike 1-1: Ball 2-1: Called Strike Gonzalo Benítez steals 2nd base 2-2: Ball 3-2: DOUBLE (Groundball, 5L) Gonzalo Benítez scores
|
Batting: LHB Arthur MacDonald
|
0-0: Foul Ball, location: 2F 0-1: Foul Ball, location: 2F 0-2: Ball 1-2: Fly out, F9 (Flyball, 9S)
|
Batting: RHB Luis Martínez
|
0-0: Ball 1-0: Swinging Strike 1-1: Foul Ball, location: 2F 1-2: Ball 2-2: Foul Ball, location: 2F 2-2: Foul Ball, location: 2F 2-2: Ball 3-2: Fly out, F9 (Flyball, 9D)
|
Top of the 8th over - 1 run, 2 hits, 0 errors, 1 left on base; Santa Monica 4 - Vancouver 0 |
BOTTOM OF THE 8TH |
Vancouver Vipers batting - Pitching for Santa Monica Bruins : RHP Luis De Los Ángeles
|
Batting: RHB Steve Bender
|
0-0: Called Strike 0-1: Ground out 5-3 (Groundball, 5L)
|
Batting: RHB Ben Alexander
|
0-0: Ball 1-0: Ground out 6-3 (Groundball, 6)
|
Batting: RHB Cooper Richard
|
0-0: Ground out 6-3 (Groundball, 6)
|
Bottom of the 8th over - 0 runs, 0 hits, 0 errors, 0 left on base; Santa Monica 4 - Vancouver 0 |
TOP OF THE 9TH |
Santa Monica Bruins batting - Pitching for Vancouver Vipers : RHP Pedro Santiago
|
Pitching: RHP José González
|
|
Batting: RHB Salvador Salas
|
0-0: Swinging Strike 0-1: Foul Ball, location: 2F 0-2: Strikes out looking
|
Batting: LHB Jorge Souza
|
0-0: Called Strike 0-1: Ball 1-1: Foul Ball, location: 2F 1-2: Strikes out swinging
|
Batting: RHB Dave King
|
0-0: Ball 1-0: Foul Ball, location: 2F 1-1: DOUBLE (Flyball, 8RXD)
|
Batting: RHB Ernest Russell
|
0-0: Swinging Strike 0-1: Ball 1-1: Foul Ball, location: 2F 1-2: Foul Ball, location: 2F 1-2: Foul Ball, location: 2F 1-2: Foul Ball, location: 2F 1-2: Strikes out swinging
|
Top of the 9th over - 0 runs, 1 hit, 0 errors, 1 left on base; Santa Monica 4 - Vancouver 0 |
BOTTOM OF THE 9TH |
Vancouver Vipers batting - Pitching for Santa Monica Bruins : RHP Luis De Los Ángeles
|
Batting: RHB Horace Johnson
|
0-0: Called Strike 0-1: Ball 1-1: Ball 2-1: Fly out, F8 (Line Drive, 8LM)
|
Batting: RHB Marvin Workman
|
0-0: Ball 1-0: Ball 2-0: Ball 3-0: Base on Balls
|
Batting: LHB Nick Gamble
|
0-0: Ball 1-0: Called Strike 1-1: Ball 2-1: DOUBLE (Line Drive, 8LD) Marvin Workman to third
|
Batting: LHB Jerry Johnston
|
0-0: Swinging Strike 0-1: Ball 1-1: Foul Ball, location: 2F 1-2: Ball 2-2: Strikes out swinging
|
Batting: RHB Lorenzo González
|
0-0: Called Strike 0-1: Ball 1-1: Called Strike 1-2: Ball 2-2: Fly out, F4 (Popup, 4)
|
Bottom of the 9th over - 0 runs, 1 hit, 0 errors, 2 left on base; Santa Monica 4 - Vancouver 0 |
|